 Dungeon Crawl Stone Soup version 0.30-a0-793-g160f7cfddd (webtiles) character file.

Game seed: 16728223952106457731

56 cheesebisquit the Firebug (level 3, -1/26 HPs)
             Began as a Hill Orc Fire Elementalist on Feb 19, 2023.
             Slain by a gnoll
             ... wielding a +0 club
              (7 damage)
             ... on level 2 of the Dungeon.
             The game lasted 00:05:31 (1302 turns).

cheesebisquit the Firebug (HOFE)                    Turns: 1302, Time: 00:05:31

Health: -1/26      AC:  3    Str: 10    XL:     3   Next: 97%
Magic:  0/6        EV: 12    Int: 17    God:
Gold:   23         SH:  0    Dex: 11    Spells: 3/6 levels left

rFire   . . .      SeeInvis .    c - +0 dagger
rCold   . . .      Faith    .    (no shield)
rNeg    . . .      Spirit   .    a - +0 robe
rPois   .          Reflect  .    (no helmet)
rElec   .          Harm     .    i - +0 cloak
rCorr   .          Rampage  .    (no gloves)
Will    .....                    (no boots)
Stlth   ++                       (no amulet)
HPRegen 0.24/turn                (no ring)
MPRegen 0.10/turn                (no ring)

@: very slightly contaminated
A: no striking features
a: no special abilities


You were on level 2 of the Dungeon.
You visited 1 branch of the dungeon, and saw 2 of its levels.

You collected 23 gold pieces.

Inventory:

Hand Weapons
 c - a +0 dagger (weapon)
Missiles
 d - 4 poisoned darts
 k - 4 silver javelins
Armour
 a - a +0 robe (worn)
 i - a +0 cloak (worn)
 j - a +0 leather armour
Scrolls
 f - a scroll of identify {unknown}
 h - a scroll of noise {unknown}
 l - a scroll of magic mapping {unknown}
Potions
 b - 2 potions of magic
 e - a potion of curing {unknown}
 g - a potion of brilliance {unknown}


   Skills:
 - Level 1.5 Dodging
 - Level 1.5 Stealth
 + Level 2.3 Spellcasting
 + Level 1.5 Conjurations
 + Level 4.2 Fire Magic


You had 3 spell levels left.
You knew the following spells:

 Your Spells              Type           Power      Damage    Failure   Level
a - Foxfire               Conj/Fire      44%        2x1d6     6%          1
z - Scorch                Fire           32%        2d6       4%          2

Your spell library contained the following spells:

 Spells                   Type           Power      Damage    Failure   Level
 Beastly Appendage        Tmut           4%         N/A       19%         1
 Inner Flame              Hex/Fire       9%         N/A       24%         3
 Wereblood                Tmut           2%         N/A       28%         2
 Kindle Blastsparks       Fire/Tloc/Air  12%        2d11      30%         3
 Spider Form              Tmut/Pois      2%         N/A       50%         3
 Flame Wave               Conj/Fire      11%        2d6       50%         4


Dungeon Overview and Level Annotations

Branches:
Dungeon (2/15)

Altars:


Message History

The gnoll is heavily wounded.
The gnoll hits you with a +0 club.
You barely miss the gnoll.
The gnoll is heavily wounded.
The gnoll hits you with a +0 club.
You hit the gnoll but do no damage.
The gnoll is heavily wounded.
The gnoll misses you.
You hit the gnoll.
The gnoll is heavily wounded.
The gnoll barely misses you.
You hit the gnoll but do no damage.
The gnoll is heavily wounded.
The gnoll barely misses you.
You hit the gnoll.
The gnoll is severely wounded.
The gnoll barely misses you.
You hit the gnoll.
The gnoll is severely wounded.
The gnoll hits you with a +0 club.
Casting: Foxfire (safe; 6% risk of failure)
Confirm with . or Enter, or press ? or * to list all spells.
You don't have enough magic to cast this spell.
You miscast Foxfire.
You are very lightly contaminated with residual magic.
Nothing appears to happen.
The gnoll barely misses you.
You barely miss the gnoll.
The gnoll is severely wounded.
The gnoll hits you with a +0 club.
You barely miss the gnoll.
The gnoll is severely wounded.
The gnoll hits you with a +0 club.
You hit the gnoll.
The gnoll is almost dead.
The gnoll hits you with a +0 club.
* * * LOW HITPOINT WARNING * * *
You hit the gnoll but do no damage.
The gnoll is almost dead.
The gnoll hits you with a +0 club!
You die...

.# ##.....##.###..# .#
##...†...#. #..##
.####..........###...########
....'........................
.####..........#.#...########
## ##.......#......## #
##.....####.####### ##...##
#.###...# # ##+## #@g)).# ###
#.# #####...# ..# ####># .##
#.# ##.##.## # #.###.#....##
#.##.###....# ....## ##...#
#.##.###..#.########
#.....#.#.#.........


You could see a gnoll.

Vanquished Creatures
  An adder (D:2)
  2 gnolls (D:2)
  5 ball pythons
  4 endoplasms
  3 hobgoblins (D:1)
  2 jackals (D:2)
  A kobold (D:1)
  A quokka (D:1)
  A bat (D:1)
  2 frilled lizards (D:1)
  4 goblins (D:1)
  A rat (D:1)
27 creatures vanquished.

Vanquished Creatures (others)
  56 foxfires
56 creatures vanquished.

Grand Total: 83 creatures vanquished

Notes
Turn   | Place    | Note
-------+----------+-------------------------------------------
     0 | D:1      | cheesebisquit the Hill Orc Fire Elementalist began the
                  | quest for the Orb.
     0 | D:1      | Reached XP level 1. HP: 14/14 MP: 3/3
   184 | D:1      | Reached XP level 2. HP: 20/20 MP: 1/4
   968 | D:2      | Reached XP level 3. HP: 26/26 MP: 4/6
  1029 | D:2      | Learned a level 2 spell: Scorch
  1085 | D:2      | Reached skill level 4 in Fire Magic
  1302 | D:2      | Slain by a gnoll

Illustrated notes

Levels and vault maps discovered:
D:1:      moated_graveyard_arrival, layout_loops_ring, kennysheep_flooded_box,
          minmay_misc_feat_secret_circle, st_stairs_13, minmay_stone_trees_small
D:2:      layout_loops_corners

Skill      XL: |  1  2  3 |
---------------+----------+-----
Spellcasting   | 2 |  2.3
Fire Magic     | 4 |  4.2
Dodging        | |  1.5
Stealth        | |  1.5
Conjurations   | |  1.5

Action                     || total
---------------------------++-------
  Melee: Dagger            ||    27
   Cast: Foxfire           ||    35
         Scorch            ||     3
 Armour: Robe              ||     3
  Dodge: Dodged            ||    24

Table legend: (Time is in decaauts)
 A = Elapsed time spent in this place.
 B = Non-inter-level travel time spent in this place.
 C = Inter-level travel time spent in this place.
 D = Time resting spent in this place.
 E = Time spent auto-exploring this place.
 F = Levels seen in this place.
 G = Mean time per level.
                   A        B        C        D        E       F      G
               +--------+--------+--------+--------+--------+-----+--------+
         Total |   1301 |   1292 |      9 |      0 |   1078 |   2 |  650.5 |
       Dungeon |   1301 |   1292 |      9 |      0 |   1078 |   2 |  650.5 |
               +--------+--------+--------+--------+--------+-----+--------+

Top non-repeatable levels by time:
     D:1: 956 daAuts
     D:2: 344 daAuts
